cohdb
Replays
Latest Replays
All Replays
Popular Replays
Top Player Replays
Match Explorer
How It Works
Community
CoH3 Stats
Reddit
Sign in to upload your games and track your stats! →
Sign in with Steam
Match 41700057
Unlisted
Match 41700057
Overview
Messages
Build Orders
End
Selects Armored Battlegroup
Construct Barracks
Selects Veteran Crews
1⁄4-ton 4x4 Truck
Riflemen Squad
Riflemen Squad
Mechanized Support Center
Riflemen Squad
Construct Motor Pool
M8 Greyhound Armored Car
Selects Fast Deploy
Designate Forward Repair Station
M1 Anti-tank Gun Team
M8 Greyhound Armored Car
M3 75 mm Gun Motor Carriage
Selects M8 Scott SPG
M1918 Browning Automatic Rifles
M3 75 mm Gun Motor Carriage
Grenade Package
Selects UNKNOWN (2160077)
Engineer Squad
Designate Forward Repair Station
Construct Tank Depot
Selects M31 Recovery Vehicle
M4A3E8 Sherman Easy Eight
M18 Hellcat Tank Destroyer
Ligi
Klimbo
SneaKerz
gb_gbg
Caesar
Nox
[B2G] Sluchis III
Humuspfanne
0
0
Comments
sign in to comment!
No comments posted yet!